 Dungeon Crawl Stone Soup version 0.28.0-47-ge53b351184 (webtiles) character file.

Game seed: 13814734106383355924

302 Allula97 the Slasher (level 6, -5/48 HPs)
             Began as a Demonspawn Fighter on May 5, 2022.
             Killed by an exploding jackal (33 damage)
             ... ignited by their inner flame
             ... on level 4 of the Dungeon.
             The game lasted 00:08:06 (3748 turns).

Allula97 the Slasher (Demonspawn Fighter)           Turns: 3748, Time: 00:08:07

Health: -5/48      AC: 13    Str: 16    XL:     6   Next: 14%
Magic:  0/7        EV:  6    Int: 10    God:
Gold:   83         SH:  4    Dex: 14    Spells: 5/5 levels left

rFire   . . .      SeeInvis +   a - +0 long sword
rCold   . . .      Faith    .   c - +0 buckler
rNeg    . . .      Spirit   +   r - +0 chain mail
rPois   .          Reflect  .   (no helmet)
rElec   .          Harm     .   u - +1 cloak
rCorr   .          Rampage  .   (no gloves)
Will    .....                   (no boots)
Stlth   ..........              v - amulet of guardian spirit
HPRegen 0.16/turn               b - ring of see invisible
MPRegen 0.10/turn               (no ring)

@: weak-willed
A: yellow scales 1, condensation shield, demonic magic 1
a: no special abilities


You were on level 4 of the Dungeon.
You visited 1 branch of the dungeon, and saw 4 of its levels.

You collected 83 gold pieces.

Inventory:

Hand Weapons
 a - a +0 long sword (weapon)
Armour
 c - a +0 buckler (worn)
 r - a +0 chain mail (worn)
 u - a +1 cloak (worn)
Jewellery
 b - a ring of see invisible (left hand)
 v - an amulet of guardian spirit (around neck)
Scrolls
 g - a scroll of teleportation
 s - 2 scrolls of identify {unknown}
Potions
 f - 2 potions of cancellation {unknown}
 i - 2 potions of attraction {unknown}
 k - a potion of mutation {unknown}
 p - a potion of flight {unknown}
 q - a potion of haste {unknown}
 t - a potion of curing {unknown}


   Skills:
 * Level 3.9 Fighting
 * Level 3.9 Long Blades
 * Level 3.7 Armour
 * Level 1.5 Dodging
 - Level 0.3 Stealth
 - Level 2.7 Shields
 * Level 2.0 Invocations


You had 5 spell levels left.
You didn't know any spells.
Your spell library contained the following spells:

 Spells                   Type           Power      Damage    Failure   Level
 Freeze                   Ice            0%         1d3       100%        1
 Magic Dart               Conj           0%         1d3       100%        1
 Blink                    Tloc           0%         N/A       100%        2
 Call Imp                 Summ           0%         N/A       100%        2
 Frozen Ramparts          Ice            0%         1d2       100%        3
 Lesser Beckoning         Tloc           0%         N/A       100%        3
 Mephitic Cloud           Conj/Pois/Air  0%         N/A       100%        3
 Hailstorm                Conj/Ice       0%         3d3       100%        4
 Manifold Assault         Tloc           0%         N/A       100%        5


Dungeon Overview and Level Annotations

Branches:
Dungeon (4/15)
 Temple: D:4-7

Altars:
Elyvilon
Hepliaklqana
Makhleb
Nemelex Xobeh

Shops:
D:2 ?   D:4 *


Innate Abilities, Weirdness & Mutations

You are partially covered in yellow scales. (AC +2)
A meltable shield of frost defends you. (SH +0)
Spells you cast may paralyse adjacent enemies.


Message History

The scroll dissolves into smoke.
It was a scroll of fog.
As you read the scroll labelled FAACAIF UDGHIO, it crumbles to dust.
Wisps of shadow whirl around you...
It was a scroll of summoning.
Your surroundings suddenly seem different.
As you read the scroll labelled VANNONKE DUCEL, it crumbles to dust.
Magic quickly surges around you.
It was a scroll of vulnerability.
As you read the scroll labelled BANYIMPEWET, it crumbles to dust.
It is a scroll of amnesia.
You feel forgetful for a moment.
As you read the scroll labelled QOEKHL JENEUSH, it crumbles to dust.
The creatures around you are filled with an inner flame!
It was a scroll of immolation.
As you read the scroll labelled UKUOVO FONYCAC, it crumbles to dust.
Your body is wracked with pain!
Your jackal convulses!
Flame seeps out of your jackal.
Your jackal convulses!
Flame seeps out of your jackal.
Your jackal convulses!
Flame seeps out of your jackal.
Your hobgoblin convulses!
Flame seeps out of your hobgoblin.
It was a scroll of torment.
Your jackal is engulfed in blazing flames.
Your jackal's corpse dissolves into shadows!
Your jackal explodes!
The fiery explosion engulfs your jackal!!
Your jackal's corpse dissolves into shadows!
The fiery explosion engulfs your jackal!!
Your jackal's corpse dissolves into shadows!
Your jackal explodes!
The fiery explosion engulfs your bullfrog skeleton!!!
You destroy your bullfrog skeleton!
Your bullfrog skeleton dissolves into shadows!
The fiery explosion engulfs your hobgoblin!!!
Your hobgoblin's corpse dissolves into shadows!
Your hobgoblin explodes!
Your jackal explodes!
The fiery explosion engulfs you!!!
Your condensation shield dissipates!
Ouch! That really hurt!
You die...

.######### .........#
.........# .........#
#........# #........#
.........# #
#.....§@§###### # #.
#######○###<..# ..# ...
#○#####.#....#
#.#.######§##.........#
#....§§h§§§§#.##.#....#
#.....§§§§§§#.##.#....#
#.§§§§†...∩......###
#.§§h§...........#
#.§S.Z...........#


There were no monsters in sight!

Vanquished Creatures
  An ice beast (D:3)
  A phantom (D:3)
  4 adders (D:3)
  A worm (D:3)
  3 dart slugs
  8 orcs
  7 ball pythons
  4 endoplasms
  4 giant cockroaches
  7 hobgoblins
  7 jackals
  9 kobolds
  A quokka (D:2)
  8 bats
  4 frilled lizards
  9 goblins
  9 rats
87 creatures vanquished.

Notes
Turn   | Place    | Note
-------+----------+-------------------------------------------
     0 | D:1      | Allula97 the Demonspawn Fighter began the quest for the
                  | Orb.
     0 | D:1      | Reached XP level 1. HP: 18/18 MP: 1/1
   158 | D:1      | Gained mutation: A meltable shield of frost defends you.
                  | (SH +0) [demonic ancestry]
   158 | D:1      | Reached XP level 2. HP: 24/24 MP: 2/2
   763 | D:1      | Reached XP level 3. HP: 26/29 MP: 3/3
  1403 | D:2      | Found Uneto's Magic Scroll Shop.
  1558 | D:2      | Reached skill level 1 in Invocations
  1776 | D:2      | Gained mutation: Spells you cast may paralyse adjacent
                  | enemies. [demonic ancestry]
  1776 | D:2      | Reached XP level 4. HP: 34/35 MP: 4/4
  1800 | D:2      | Reached skill level 1 in Dodging
  2152 | D:3      | Found a faded altar of an unknown god.
  2253 | D:3      | Found a hazy altar of Hepliaklqana.
  2780 | D:3      | Noticed a phantom
  2797 | D:3      | Killed a phantom
  2798 | D:3      | Gained mutation: You are partially covered in yellow
                  | scales. (AC +2) [demonic ancestry]
  2798 | D:3      | Reached XP level 5. HP: 21/41 MP: 3/6
  3275 | D:3      | Noticed an ice beast
  3287 | D:3      | Killed an ice beast
  3288 | D:3      | Reached XP level 6. HP: 13/48 MP: 2/7
  3505 | D:3      | Found a sparkling altar of Nemelex Xobeh.
  3600 | D:3      | Found a faded altar of an unknown god.
  3605 | D:3      | Found a burning altar of Makhleb.
  3730 | D:4      | Found Sutiperi's General Store.
  3748 | D:4      | Killed by an exploding jackal... ignited by their inner
                  | flame

Illustrated notes

Levels and vault maps discovered:
D:1:      nicolae_arrival_memento_mori, layout_loops_corners
D:2:      layout_loops_ring, serial_shops, nicolae_shop_statue_plus,
          chequers_serial_rivers_micro_b
D:3:      minmay_octagon_keep, layout_loops_ring,
          nemelex_xobeh_ov_fountains_minmay, nicolae_overflow_ecumenical_swirl,
          nicolae_overflow_squiral, hellmonk_ecumenical_altar_heavens_door
D:4:      layout_basic, serial_shops, shop

Skill      XL: |  1  2  3  4  5 |
---------------+----------------+-----
Armour         | 3 |  3.7
Long Blades    | 2 3 |  3.9
Invocations    | 1 2 |  2.0
Dodging        | 1 |  1.5
Fighting       | |  3.9
Stealth        | |  0.3
Shields        | |  2.7

Action                   |  1- 3 |  4- 6 || total
-------------------------+-------+-------++-------
Melee: Long sword        |   164 |   112 ||   276
  Use: Potion            |       |     2 ||     2
       Scroll            |       |     7 ||     7
 Stab: Sleeping          |     1 |       ||     1
Armor: Scale mail        |    68 |       ||    68
       Leather armour    |    21 |     4 ||    25
       Chain mail        |       |    69 ||    69
Dodge: Dodged            |    76 |    38 ||   114
Block: Buckler           |    76 |    59 ||   135
